 Dungeon Crawl Stone Soup version 0.21.1-1-g345015f (webtiles) character file.

74 bobthegiant the Sneak (level 4, 0/21 HPs)
             Began as a Spriggan Enchanter on Mar 2, 2018.
             Slain by an adder (3 damage)
             ... on level 2 of the Dungeon.
             The game lasted 00:08:51 (2005 turns).

bobthegiant the Sneak (Spriggan Enchanter)          Turns: 2005, Time: 00:08:51

Health: 0/21       AC:  3    Str:  5    XL:     4   Next: 9%
Magic:  9/9        EV: 18    Int: 16    God:
Gold:   48         SH:  0    Dex: 16    Spells: 1/8 levels left

rFire    . . .     SeeInvis +   m - -3 dagger (curse)
rCold    . . .     Gourm    .   (shield restricted)
rNeg     . . .     Faith    .   i - +1 robe
rPois    .         Spirit   .   (helmet restricted)
rElec    .         Reflect  .   (no cloak)
rCorr    .         Harm     .   (gloves unavailable)
MR       .....                  (boots unavailable)
Stlth    +++.......             (no amulet)
HPRegen  0.07/turn              (no ring)
MPRegen  0.11/turn              (no ring)

@: very quick
A: very small, unfitting armour, see invisible, herbivore, speed 3, slow
metabolism 2
a: no special abilities


You were on level 2 of the Dungeon.
You were not hungry.

You visited 1 branch of the dungeon, and saw 2 of its levels.

You collected 48 gold pieces.

Inventory:

Hand Weapons
 a - a +1 dagger
 b - a +1 whip of electrocution
 m - a cursed -3 dagger (weapon)
Missiles
 g - 63 stones (quivered)
Armour
 i - a +1 robe (worn)
Potions
 e - a potion of agility {unknown}
 j - a potion of might
Books
 c - a book of Maledictions

   Spells                             Type                      Level
   a - Corona                         Hexes                        1
   b - Ensorcelled Hibernation        Hexes/Ice                    2
   c - Confuse                        Hexes                        3
   d - Tukima's Dance                 Hexes                        3
   e - Dazzling Spray                 Conjuration/Hexes            3
Comestibles
 d - 3 rations


   Skills:
 - Level 1.1 Short Blades
 - Level 3.0 Dodging
 + Level 6.2 Stealth
 - Level 2.6 Spellcasting
 + Level 5.0 Hexes


You had one spell level left.
You knew the following spells:

 Your Spells              Type           Power        Failure   Level  Hunger
a - Corona                Hex            ###....      2%          1    #......
b - Confuse               Hex            ###.....     8%          3    ###....
c - Tukima's Dance        Hex            ###.....     8%          3    ###....


Dungeon Overview and Level Annotations

Branches:
Dungeon (2/15)

Altars:
Fedhas
Yredelemnul
Zin
The Shining One


Innate Abilities, Weirdness & Mutations

You are very small and have problems with some larger weapons.
You are too small for most types of armour.
You have supernaturally acute eyesight. (SInv)
You are a herbivore.
You cover ground extremely quickly.
You need consume almost no food.


Message History

You closely miss the bat.
The bat is moderately wounded.
The bat closely misses you. x2
You barely miss the bat.
The bat is moderately wounded.
The bat closely misses you.
You barely miss the bat.
The bat is moderately wounded.
The bat closely misses you. x2; The adder misses you.
You closely miss the bat. The bat hits you.
* * * LOW HITPOINT WARNING * * *
The bat barely misses you. The adder misses you.
You hit the bat but do no damage. The bat barely misses you.
The bat misses you. The adder completely misses you. x2
You barely miss the bat. The bat completely misses you.
The bat closely misses you. The adder closely misses you.
You hit the bat.
The bat is severely wounded.
The bat completely misses you. The adder bites you.
You die...

..# #.# ## #.# .
#.#.# ##.#. %.b #.#
#@# #S# #.# #.# #.#
#.# #
#############.# #
#.S...........# #
#.##########........


You could see an adder and a bat.

Vanquished Creatures
  Jessica (D:2)
  An ooze (D:1)
  3 dart slugs (D:1)
  A leopard gecko (D:2)
  A giant cockroach (D:2)
  6 goblins
  7 hobgoblins (D:1)
  7 kobolds
  A quokka (D:2)
  4 bats (D:1)
  A rat (D:1)
33 creatures vanquished.

Notes
Turn   | Place    | Note
-------+----------+-------------------------------------------
     0 | D:1      | bobthegiant the Spriggan Enchanter began the quest for the Orb.
     0 | D:1      | Reached XP level 1. HP: 9/9 MP: 5/5
   412 | D:1      | Reached skill level 5 in Stealth
   412 | D:1      | Reached XP level 2. HP: 7/13 MP: 6/6
  1132 | D:1      | Reached XP level 3. HP: 13/16 MP: 8/8
  1472 | D:1      | Learned a level 3 spell: Confuse
  1476 | D:1      | Learned a level 3 spell: Tukima's Dance
  1612 | D:2      | Noticed Jessica
  1622 | D:2      | Killed Jessica
  1622 | D:2      | Reached skill level 6 in Stealth
  1772 | D:2      | Found a basalt altar of Yredelemnul.
  1774 | D:2      | Found a glowing golden altar of the Shining One.
  1775 | D:2      | Found a blossoming altar of Fedhas.
  1777 | D:2      | Found a glowing silver altar of Zin.
  1782 | D:2      | Reached XP level 4. HP: 21/21 MP: 9/9
  1933 | D:2      | Reached skill level 5 in Hexes
  2005 | D:2      | Slain by an adder

Skill      XL: |  1  2  3  4 |
---------------+-------------+-----
Hexes          | 4 5 |  5.0
Stealth        | 5 6 |  6.2
Short Blades   | |  1.1
Dodging        | |  3.0
Spellcasting   | |  2.6

Action                   |  1- 3 |  4- 6 || total
-------------------------+-------+-------++-------
Melee: Dagger            |   112 |    90 ||   202
 Cast: Confuse           |     1 |     1 ||     2
       Tukima's Dance    |     1 |       ||     1
  Use: Scroll            |       |     4 ||     4
 Stab: Sleeping          |    10 |       ||    10
       Confused          |     1 |     1 ||     2
Armor: Robe              |     6 |     9 ||    15
Dodge: Dodged            |    88 |    94 ||   182
